 Dungeon Crawl Stone Soup version 0.24.0-1-gfbc8707122 (webtiles) character file.

Game seed: 12686221669752815874, levelgen mode: deterministic

17 Aviak the Sneak (level 2, -1/15 HPs)
             Began as a Kobold Enchanter on Oct 27, 2019.
             Slain by a leopard gecko (3 damage)
             ... on level 1 of the Dungeon.
             The game lasted 00:01:28 (582 turns).

Aviak the Sneak (Kobold Enchanter)                   Turns: 582, Time: 00:01:29

Health: -1/15      AC:  2    Str: 10    XL:     2   Next: 80%
Magic:  5/5        EV: 15    Int: 16    God:
Gold:   33         SH:  0    Dex: 15    Spells: 4/5 levels left

rFire    . . .     SeeInvis .   a - +1 dagger
rCold    . . .     Gourm    .   (shield restricted)
rNeg     . . .     Faith    .   b - +0 robe
rPois    .         Spirit   .   (no helmet)
rElec    .         Reflect  .   (no cloak)
rCorr    .         Harm     .   (no gloves)
MR       .....                  (no boots)
Stlth    +++.......             (no amulet)
HPRegen  0.05/turn              (no ring)
MPRegen  0.09/turn              (no ring)

@: mighty
A: small, carnivore
a: no special abilities


You were on level 1 of the Dungeon.
You were not hungry.

You visited 1 branch of the dungeon, and saw 1 of its levels.

You collected 33 gold pieces.

Inventory:

Hand Weapons
 a - a +1 dagger (weapon)
Armour
 b - a +0 robe (worn)
Scrolls
 e - a scroll of enchant weapon {unknown}
Comestibles
 d - 2 rations


   Skills:
 + Level 1.9 Short Blades
 + Level 2.7 Dodging
 + Level 4.3 Stealth
 + Level 2.4 Spellcasting
 + Level 3.1 Hexes


You had 4 spell levels left.
You knew the following spells:

 Your Spells              Type           Power        Failure   Level  Hunger
a - Corona                Hex            ##.....      5%          1    #......

Your spell library contained the following spells:

 Spells                   Type           Power        Failure   Level  Hunger
 Ensorcelled Hibernation  Hex/Ice        #.....       16%         2    ###....
 Confuse                  Hex            ##......     16%         3    ###....
 Tukima's Dance           Hex            ##......     16%         3    ###....
 Dazzling Spray           Conj/Hex       #.....       30%         3    ###....


Dungeon Overview and Level Annotations

Branches:
Dungeon (1/15)

Altars:


Innate Abilities, Weirdness & Mutations

You are small and have problems with some larger weapons.
You are carnivorous and can eat meat at any time.


Message History

* * * LOW HITPOINT WARNING * * *
You hit the goblin.
You kill the goblin!
Unknown command.
You barely miss the giant cockroach. The giant cockroach barely misses you.
Unknown command.
You hit the giant cockroach.
The giant cockroach is almost dead.
The giant cockroach closely misses you.
Unknown command.
You barely miss the giant cockroach.
The giant cockroach is almost dead.
The giant cockroach barely misses you.
Unknown command.
You puncture the giant cockroach!
You kill the giant cockroach!
The leopard gecko misses you.
Unknown command.
You miss the leopard gecko. The leopard gecko bites you.
You die...

#.............
#.##.....###.#### ..
##l..#.# #....# # .##
#....# # #....# .# .#
#..#.# #....##..
..##.#
#..#s#####....##.#
...# ..#..
#............#
#.##...# ..#.#
#.##.#####.#.#
#.##...# ..#.# #.
#.gl@.#.#.# #.##...#
....# #. #####.#.#.#
#.##...#. ....# #.
#....#.#.# #.##...#.
..#.######.#
#....#.#.###.##...#.
.....†.....#
#....#.#.#........#.
#.#.########
#....#.#.#.#>##.#.#.
#...#
###....#..>....#..#.#.
....#
#......###.#.###..#.#.
#...#
#..........#..........


You could see a leopard gecko and a hobgoblin.

Vanquished Creatures
  A dart slug (D:1)
  2 giant cockroaches (D:1)
  2 hobgoblins (D:1)
  2 jackals (D:1)
  A frilled lizard (D:1)
  4 goblins (D:1)
  A rat (D:1)
13 creatures vanquished.

Vanquished Creatures (others)
  2 minotaurs (D:1)
  3 octopodes (D:1)
  A vine stalker (D:1)
  3 humans (D:1)
  A dwarf (D:1)
  An ogre (D:1)
  An orc (D:1)
  4 tentacles (D:1)
16 creatures vanquished.

Grand Total: 29 creatures vanquished

Notes
Turn   | Place    | Note
-------+----------+-------------------------------------------
     0 | D:1      | Aviak the Kobold Enchanter began the quest for the Orb.
     0 | D:1      | Reached XP level 1. HP: 10/10 MP: 3/3
     0 | D:1      | Noticed a human
     0 | D:1      | Noticed an octopode
     0 | D:1      | Noticed a minotaur
     0 | D:1      | Noticed an octopode
     0 | D:1      | Noticed a vine stalker
     0 | D:1      | Noticed a kraken
     0 | D:1      | Noticed an ogre
     0 | D:1      | Noticed a dwarf
     0 | D:1      | Noticed an octopode
     0 | D:1      | Noticed a human
     0 | D:1      | Noticed a minotaur
     0 | D:1      | Noticed a human
     4 | D:1      | Killed an octopode
     7 | D:1      | Killed an octopode
     7 | D:1      | Killed a minotaur
     7 | D:1      | Killed a human
     9 | D:1      | Killed a vine stalker
    10 | D:1      | Killed an octopode
    11 | D:1      | Killed an ogre
    12 | D:1      | Killed a dwarf
    12 | D:1      | Killed a human
    14 | D:1      | Killed a minotaur
    14 | D:1      | Killed a human
   275 | D:1      | Reached XP level 2. HP: 6/15 MP: 5/5
   582 | D:1      | Slain by a leopard gecko

Levels and vault maps discovered:
D:1:      nicolae_arrival_kraken_aquarium_a, layout_basic,
          kennysheep_minor_cross

Action                   || total
-------------------------++-------
Melee: Dagger            ||    80
  Use: Scroll            ||     1
       Potion            ||     1
 Stab: Sleeping          ||     2
Armor: Robe              ||     9
Dodge: Dodged            ||    54
